 Dungeon Crawl Stone Soup version 0.21-a0-88-g13b9641 (webtiles) character file.

2354 MackTheKnife the Carver (level 9, -4/62 HPs)
             Began as a Halfling Wanderer on June 27, 2017.
             Was a Priest of Trog.
             Slain by an orc warrior
             ... wielding a +0 trident
              (13 damage)
             ... on level 7 of the Dungeon.
             The game lasted 00:11:12 (6683 turns).

MackTheKnife the Carver (Halfling Wanderer)         Turns: 6683, Time: 00:11:13

Health: -4/62      AC:  9    Str: 25    XL:     9   Next: 71%
Magic:  10/10      EV: 16    Int: 10    God:    Trog [***...]
Gold:   373        SH:  0    Dex: 17    Spells: 10/10 levels left

rFire    + + .     SeeInvis .   q - -3 long sword (curse)
rCold    + . .     Gourm    +   (shield restricted)
rNeg     . . .     Faith    .   v - +2 ring mail {rF+}
rPois    .         Spirit   .   m - +0 helmet (curse)
rElec    .         Reflect  .   g - scarf {rC+ rF+}
rCorr    .         Harm     .   (no gloves)
MR       .....                  (no boots)
Stlth    +.........             D - amulet of Wu Jian's Generosity {Gourm Str+4}
HPRegen  0.20/turn              r - +3 ring of intelligence
MPRegen  0.12/turn              (no ring)

@: mighty, berserk cooldown, slowed, very slow
A: mutation resistance 1
a: Berserk, Trog's Hand, Burn Spellbooks, Renounce Religion


You were on level 7 of the Dungeon.
You worshipped Trog.
Trog was most pleased with you.
You were not hungry.

You visited 1 branch of the dungeon, and saw 7 of its levels.

You collected 373 gold pieces.

Inventory:

Hand Weapons
 a - a +2 trident of venom
   (You found it on level 4 of the Dungeon)
 b - a +0 hand crossbow
 q - a cursed -3 long sword (weapon)
   (You took it off a wight on level 6 of the Dungeon)
 x - a +2 flail of protection
   (You took it off an orc on level 7 of the Dungeon)
 C - the +7 trident of Watchfulness {flame, Int+4, unknown}
   (You found it on level 7 of the Dungeon)

   It has been specially enchanted to burn those struck by it, causing extra
   injury to most foes and up to half again as much damage against particularly
   susceptible opponents.
   It affects your intelligence (+4).
Missiles
 c - 55 bolts
Armour
 g - a scarf of resistance (worn)
   (You found it on level 1 of the Dungeon)
 h - a +1 helmet
   (You found it on level 1 of the Dungeon)
 m - a cursed +0 helmet (worn)
   (You found it on level 5 of the Dungeon)
 v - a +2 ring mail of fire resistance (worn)
   (You found it on level 3 of the Dungeon)
Jewellery
 r - a +3 ring of intelligence (left hand)
   (You found it on level 1 of the Dungeon)
 D - an amulet of Wu Jian's Generosity (around neck) {Gourm Str+4}
   (You found it on level 5 of the Dungeon)

   [amulet of the gourmand]

   It allows you to eat raw meat even when not hungry.
   It affects your strength (+4).
Wands
 d - a wand of paralysis (0/24)
   (You took it off Ijyb on level 4 of the Dungeon)
Scrolls
 i - 2 scrolls of recharging
 o - a scroll of enchant armour
 s - a scroll of enchant weapon
 w - a scroll of teleportation
 y - a scroll of fog
Potions
 k - a potion of mutation {!q}
 l - 2 potions of brilliance
 n - 3 potions of curing
 p - a potion of cancellation
 z - a potion of haste
 B - a potion of invisibility
Books
 e - a book of Minor Magic
   (You found it on level 3 of the Dungeon)
Comestibles
 f - 4 bread rations {@e1}
 t - 3 royal jellies
 u - 7 fruits
 A - 2 meat rations {@e2}


   Skills:
 + Level 6.3 Fighting
 - Level 8.3 Long Blades
   Level 1.1 Bows
 - Level 1.0 Throwing
 * Level 5.2 Armour
 + Level 4.7 Dodging
 - Level 1.1 Stealth
 - Level 1.0 Spellcasting
   Level 2.1 Charms


You had 10 spell levels left.
You didn't know any spells.

Dungeon Overview and Level Annotations

Branches:
Dungeon (7/15)             Temple (0/1) D:5

Altars:
Cheibriados
Elyvilon
Gozag
Kikubaaqudgha
Trog
Wu Jian


Innate Abilities, Weirdness & Mutations

You are small and have problems with some larger weapons.
You are somewhat resistant to further mutation.


Message History

You hit the worker ant. The worker ant bites you.
You are poisoned.
The worker ant poisons you!
You take 5 damage, and have 57/62 hp.
You closely miss the worker ant.
You feel sick. The worker ant misses you. x2
You riposte.
You hit the worker ant.
You take 1 damage, and have 56/62 hp.
You slash the worker ant!
You kill the worker ant!
Trog accepts your kill.
No target in view!
You feel sick.
You feel sick.
You feel sick.
You feel sick.
You feel sick.
You are no longer poisoned.
An orc comes into view. It is wielding a war axe.
The orc shouts!
An orc is nearby!
An orc is nearby!
An orc is nearby!
You regained 3 hp, and now have 59/62 hp.
An orc wizard comes into view. It is wielding a dagger.
An orc wizard comes into view. It is wielding a dagger.
The orc misses you.
You riposte.
The orc wizard shouts!
You hit the orc.
There is an open door here.
You hit the orc but do no damage. The orc hits you with a war axe.
You take 2 damage, and have 57/62 hp.
You barely miss the orc.
The orc wizard mumbles some strange words.
The orc wizard blinks!
The orc completely misses you.
You riposte.
An orc warrior comes into view. It is wielding a trident.
The orc warrior shouts!
You hit the orc.
You kill the orc!
Trog accepts your kill.
The orc wizard mumbles some strange words.
The orc wizard seems to speed up.
You see here a war axe.
A red film seems to cover your vision as you go berserk!
You feel yourself moving faster!
You feel mighty!
You feel a lot more hungry.
The orc wizard casts a spell.
The orc wizard blinks!
The orc wizard closely misses you.
You riposte.
You slash the orc wizard!
You now have 87/93 hp.
You slice the orc wizard!!
You kill the orc wizard!
Trog accepts your kill.
Trog appreciates your killing of a magic user.
The orc wizard mumbles some strange words.
The orc wizard blinks!
There is an open door here.
You slash the orc wizard!
You kill the orc wizard!
Trog accepts your kill.
Trog appreciates your killing of a magic user.
You see here a war axe.
You feel a strong urge to attack something.
The orc warrior hits you with a trident!
Things that are here:
a dagger; a robe; an orc corpse You take 10 damage, and have 77/93 hp.
You closely miss the orc warrior.
The orc warrior hits you but does no damage.
Unknown command.
You closely miss the orc warrior. You closely miss the orc warrior.
The orc warrior barely misses you.
You hit the orc warrior.
You hit the orc warrior but do no damage.
The orc warrior hits you with a trident!
You take 14 damage, and have 64/93 hp.
You hit the orc warrior. You barely miss the orc warrior.
The orc warrior completely misses you.
You riposte.
You closely miss the orc warrior. You closely miss the orc warrior.
The orc warrior misses you.
You slash the orc warrior!
You are no longer berserk.
You are exhausted.
You feel yourself slow down.
You now have 43/62 hp.
You barely miss the orc warrior.
The orc warrior hits you with a trident.
The orc warrior closely misses you.
You take 2 damage, and have 41/62 hp.
You completely miss the orc warrior.
The orc warrior hits you with a trident!
You take 9 damage, and have 32/62 hp.
You feel very mighty all of a sudden.
The orc warrior hits you with a trident!
* * * LOW HITPOINT WARNING * * *
You take 17 damage, and have 15/62 hp.
MASSIVE DAMAGE!!
You slash the orc warrior!
The orc warrior hits you with a trident.
* * * LOW HITPOINT WARNING * * *
The orc warrior hits you with a trident!
You die...

#......#.#.........
#..................
#......#.#.......(.
#......#.#.........
#......#...........
#..)...###.........
##'###.###.........
##)....... ####.#
#.@.....## #.#
#.o.....# #.#
#...........#####.#
#.......###........
#............####.#
#.......###. #.#
#.......# #. #.#
######.####.. #..
......####..


You could see an orc warrior.

Vanquished Creatures
  An orc warrior (D:6)
  A phantom (D:7)
  2 black bears
  4 sky beasts (D:6)
  An ogre (D:6)
  A centaur (D:5)
  Blork the orc (D:6)
  3 bullfrogs
  A gnoll sergeant (D:6)
  A wyvern zombie (D:6)
  A wyvern skeleton (D:7)
  3 scorpions
  2 wights (D:6)
  A howler monkey (D:4)
  2 crimson imps
  A hound (D:6)
  3 jellies
  3 orc wizards
  A centaur zombie (D:7)
  An orc priest (D:6)
  A bullfrog skeleton (D:5)
  A centaur skeleton (D:4)
  Ijyb (D:4)
  An iguana (D:6)
  5 worker ants
  6 adders
  A shadow imp (D:7)
  An ooze (D:5)
  3 worms
  3 dart slugs
  8 leopard geckos
  22 orcs
  2 ball pythons
  9 bats
  4 giant cockroaches (D:3)
  6 goblins
  5 hobgoblins
  4 jackals
  2 quokkas
  6 frilled lizards
  A jackal skeleton (D:5)
  5 kobolds
  8 rats
139 creatures vanquished.

Vanquished Creatures (others)
  8 fungi (D:4)
8 creatures vanquished.

Grand Total: 147 creatures vanquished

Notes
Turn   | Place    | Note
-------+----------+-------------------------------------------
     0 | D:1      | MackTheKnife the Halfling Wanderer began the quest for the Orb.
     0 | D:1      | MackTheKnife set off with: a book of Minor Magic, a +0 hand crossbow, 25 bolts, a +0 robe, a bread ration {@e1}
     0 | D:1      | Reached XP level 1. HP: 15/15 MP: 2/2
    57 | D:1      | Reached skill level 3 in Fighting
   113 | D:1      | Reached XP level 2. HP: 15/21 MP: 3/3
   636 | D:1      | Reached XP level 3. HP: 20/26 MP: 4/4
   979 | D:2      | Noticed a moth of wrath
   982 | D:2      | Found a bloodstained altar of Trog.
  1035 | D:2      | Became a worshipper of Trog the Wrathful
  1127 | D:2      | Reached skill level 4 in Fighting
  1248 | D:2      | Reached XP level 4. HP: 28/33 MP: 5/5
  1365 | D:2      | Found an opulent altar of Gozag.
  1874 | D:3      | Found an ancient bone altar of Kikubaaqudgha.
  2551 | D:4      | HP: 8/34 [scorpion (6)]
  2553 | D:4      | Reached skill level 1 in Dodging
  2553 | D:4      | Reached XP level 5. HP: 9/38 MP: 6/6
  2558 | D:3      | HP: 7/38 [poisoned by a scorpion]
  2566 | D:3      | HP: 6/38 [poisoned by a scorpion]
  2856 | D:4      | Reached skill level 2 in Armour
  2908 | D:4      | Noticed Ijyb
  2939 | D:4      | Paralysed by Ijyb for 4 turns
  2944 | D:4      | Killed Ijyb
  2944 | D:4      | Reached skill level 2 in Dodging
  2978 | D:4      | Reached XP level 6. HP: 45/45 MP: 7/7
  2988 | D:4      | Reached * piety under Trog
  3220 | D:4      | Reached skill level 5 in Fighting
  3358 | D:4      | Reached skill level 3 in Dodging
  3437 | D:5      | Entered Level 5 of the Dungeon
  3444 | D:5      | Got a scorched bone amulet
  3445 | D:5      | Identified an amulet of Wu Jian's Generosity {Gourm Str+4} (You found it on level 5 of the Dungeon)
  3669 | D:5      | Reached skill level 3 in Armour
  3684 | D:5      | Reached XP level 7. HP: 43/50 MP: 8/8
  3891 | D:5      | Found a staircase to the Ecumenical Temple.
  4054 | D:5      | Found a snail-covered altar of Cheibriados.
  4231 | D:5      | Found an ornate altar of the Wu Jian Council.
  4381 | D:6      | Reached skill level 4 in Armour
  4387 | D:6      | Reached skill level 4 in Dodging
  4428 | D:6      | Noticed Blork the orc
  4499 | D:6      | Killed Blork the orc
  4499 | D:6      | Reached skill level 6 in Fighting
  4499 | D:6      | Reached XP level 8. HP: 57/57 MP: 9/9
  4566 | D:6      | Reached ** piety under Trog
  4583 | D:6      | Reached skill level 2 in Long Blades
  4637 | D:6      | Reached skill level 3 in Long Blades
  4650 | D:6      | Reached skill level 4 in Long Blades
  4732 | D:6      | HP: 11/57 [orc warrior/halberd (4)]
  4932 | D:6      | Reached skill level 5 in Long Blades
  5130 | D:6      | Reached skill level 6 in Long Blades
  5130 | D:6      | Reached XP level 9. HP: 47/62 MP: 10/10
  5404 | D:6      | Reached skill level 7 in Long Blades
  5904 | D:7      | Reached skill level 8 in Long Blades
  6203 | D:7      | Found a white marble altar of Elyvilon.
  6204 | D:7      | Got a bloodstained trident
  6607 | D:7      | Reached skill level 5 in Armour
  6621 | D:7      | Reached *** piety under Trog
  6682 | D:7      | HP: 15/62 [orc warrior/trident (17)]
  6683 | D:7      | Slain by an orc warrior

Vault maps used:
D:1:      tarquinn_simple_flora_water_b, grunt_decor_clamped, st_stairs_5
D:2:      nicolae_gozag_cash_rules_everything_around_me, tgw_trog
D:3:      kiku_gazebo_pond_becter, serial_glass, glass_columns_c,
          glass_columns_a, minmay_strange_pillars, minmay_strange_pillars,
          first_bread
D:4:      serial_aquarium, aquarium_bridge_island_small,
          aquarium_bridge_long_joined, aquarium_window_1, aquarium_window_2,
          aquarium_view_2d, aquarium_view_4, uniq_ijyb
D:5:      lemuel_doored_altar, temple_statues, cheibriados_altar_1
D:6:      sword_in_stone
D:7:      elyvilon_altar_1, grunt_livestock, eino_small_chamber_without_monster,
          doesnt_xom_only_xom

Skill      XL: |  1  2  3  4  5  6  7  8  9 |
---------------+----------------------------+-----
Fighting       | 3 4 5 6 |  6.3
Dodging        | 1 2 3 4 |  4.7
Armour         | 2 3 4 5 |  5.2
Long Blades    | 6 8 |  8.3
Bows           | |  1.1
Throwing       | |  1.0
Stealth        | |  1.1
Spellcasting   | |  1.0
Charms         | |  2.1

Action                   |  1- 3 |  4- 6 |  7- 9 || total
-------------------------+-------+-------+-------++-------
Melee: Dagger            |    49 |       |       ||    49
       Mace              |    19 |       |       ||    19
       Whip              |       |    23 |       ||    23
       Trident           |       |    48 |    57 ||   105
       Long sword        |       |       |   262 ||   262
 Fire: Hand crossbow     |    68 |   103 |       ||   171
Invok: Burn Spellbooks   |     1 |       |       ||     1
       Berserk           |       |       |     8 ||     8
Evoke: Wand              |       |       |     4 ||     4
  Use: Scroll            |       |    17 |     5 ||    22
       Potion            |       |       |     2 ||     2
 Stab: Paralysed         |       |       |     9 ||     9
  Eat: Chunk             |     1 |     6 |    18 ||    25
       Bread ration      |       |       |     1 ||     1
Armor: Robe              |     1 |       |       ||     1
       Chain mail        |    69 |    16 |       ||    85
       Ring mail         |       |    26 |    97 ||   123
Dodge: Dodged            |    69 |    77 |   243 ||   389
       Rpst.: Long sword |       |       |    47 ||    47

Vault maps used:
D:1:      tarquinn_simple_flora_water_b, grunt_decor_clamped, st_stairs_5
D:2:      nicolae_gozag_cash_rules_everything_around_me, tgw_trog
D:3:      kiku_gazebo_pond_becter, serial_glass, glass_columns_c,
          glass_columns_a, minmay_strange_pillars, minmay_strange_pillars,
          first_bread
D:4:      serial_aquarium, aquarium_bridge_island_small,
          aquarium_bridge_long_joined, aquarium_window_1, aquarium_window_2,
          aquarium_view_2d, aquarium_view_4, uniq_ijyb
D:5:      lemuel_doored_altar, temple_statues, cheibriados_altar_1
D:6:      sword_in_stone
D:7:      elyvilon_altar_1, grunt_livestock, eino_small_chamber_without_monster,
          doesnt_xom_only_xom

Table legend:
 A = Turns spent in this place as a percentage of turns spent in the entire game.
 B = Non-inter-level travel turns spent in this place as a percentage of non-inter-level travel turns spent in the entire game.
 C = Inter-level travel turns spent in this place as a percentage of turns spent in this place.
 D = Turns resting spent in this place as a percentage of non-inter-level travel turns spent in this place.
 E = Turns spent auto-exploring this place as a percentage of non-inter-level travel turns spent in this place.
 F = Non-inter-level travel turns spent in this place divided by the number of levels of this place that you've seen.
                   A       B       C       D       E      F
               +-------+-------+-------+-------+-------+----------------------
         Total | 100.0 | 100.0 |   0.6 |   2.4 |  10.9 | 254.7
       Dungeon | 100.0 | 100.0 |   0.6 |   2.4 |  10.9 | 254.7
               +-------+-------+-------+-------+-------+----------------------

Table legend:
 A = Kills in this place as a percentage of kills in entire the game.
 B = Kills by you in this place as a percentage of kills by you in the entire game.
 C = Kills by friends in this place as a percentage of kills by friends in the entire game.
 D = Other kills in this place as a percentage of other kills in the entire game.
 E = Experience gained in this place as a percentage of experience gained in the entire game.
 F = Experience gained in this place divided by the number of levels of this place that you have seen.
                   A       B       C       D       E      F
               +-------+-------+-------+-------+-------+----------------------
         Total | 100.0 | 100.0 |  -nan |  -nan | 100.0 | 480.4
       Dungeon | 100.0 | 100.0 |  -nan |  -nan | 100.0 | 480.4
               +-------+-------+-------+-------+-------+----------------------
